 Dungeon Crawl Stone Soup version 0.32-a0-468-g38b2580584 (webtiles) character file.

Game seed: 4918942760817403119

1409 CougarLife the Geomancer (level 8, -8/41 HPs)
             Began as a Gargoyle Earth Elementalist on Feb 25, 2024.
             Engulfed by a cloud of steam (10 damage)
             ... on level 5 of the Dungeon.
             The game lasted 00:04:20 (5009 turns).

CougarLife the Geomancer (GrEE)                     Turns: 5009, Time: 00:04:21

Health: -8/41      AC: 12    Str: 17    XL:     8   Next: 70%
Magic:  11/16      EV: 17    Int: 25    God:
Gold:   224        SH:  0    Dex: 13    Spells: 14/18 levels left

rFire   . . .        w - +9 hammer of Haehikk {heavy, rC+ Str+6 SInv Stlth+}
rCold   + . .        (no shield)
rNeg    + . .        b - +0 robe "Zeqom" {Dex+3}
rPois   ∞            (no helmet)
rElec   +            v - +2 cloak {Will+}
rCorr   .            (no gloves)
SInv    +            j - +1 pair of boots
Will    +....        (no amulet)
Stlth   +++          p - +6 ring of intelligence
HPRegen 0.26/turn    h - +5 ring of evasion
MPRegen 0.15/turn

%: no passive effects
@: no status effects
A: sickness immunity, AC +5, negative energy resistance 1, electricity
resistance, torment resistance 1, petrification resistance
a: no special abilities


You were on level 5 of the Dungeon.
You visited 2 branches of the dungeon, and saw 6 of its levels.

You collected 224 gold pieces.

Inventory:

Hand Weapons
 w - the +9 hammer of Haehikk (weapon) {heavy, rC+ Str+6 SInv Stlth+}
   (You found it on level 3 of the Dungeon)

   Str+6:     It affects your strength (+6).
   rC+:       It protects you from cold.
   SInv:      It lets you see invisible.
   Stlth+:    It makes you more stealthy.
Armour
 b - the +0 robe "Zeqom" (worn) {Dex+3}
   (You found it on level 4 of the Dungeon)

   Dex+3:     It affects your dexterity (+3).
 j - a +1 pair of boots (worn)
 v - a +2 cloak of willpower (worn)
Jewellery
 d - a ring of willpower
 h - a +5 ring of evasion (right hand)
 p - a +6 ring of intelligence (left hand)
Scrolls
 a - a scroll of fear {unknown}
 c - 7 scrolls of identify {unknown}
 k - a scroll of fog {unknown}
 m - a scroll of torment {unknown}
 n - 3 scrolls of enchant weapon {unknown}
 q - a scroll of amnesia {unknown}
 r - a scroll of vulnerability {unknown}
 t - 2 scrolls of immolation {unknown}
 u - 4 scrolls of teleportation {unknown}
Potions
 e - 4 potions of curing {unknown}
 f - 6 potions of attraction {unknown}
 g - 3 potions of heal wounds {unknown}
 i - 2 potions of enlightenment {unknown}
 l - a potion of cancellation {unknown}
 o - a potion of might {unknown}
 s - 2 potions of mutation {unknown}
 x - a potion of brilliance {unknown}


   Skills:
 - Level 1.5 Dodging
 - Level 2.1 Stealth
 + Level 5.8 Spellcasting
 + Level 6.5 Conjurations
 + Level 8.0 Earth Magic


You had 14 spell levels left.
You knew the following spells:

 Your Spells              Type           Power      Damage    Failure   Level
a - Sandblast             Erth           94%        2d19      1%          1
b - Stone Arrow           Conj/Erth      86%        3d12      1%          3

Your spell library contained the following spells:

 Spells                   Type           Power      Damage    Failure   Level
 Passwall                 Erth           47%        N/A       1%          3
 Brom's Barrelling Bould  Conj/Erth      43%        2d6       3%          4
 Ensorcelled Hibernation  Hex/Ice        14%        N/A       12%         2
 Petrify                  Alch/Erth      27%        N/A       14%         4
 Swiftness                Air            7%         N/A       22%         3
 Haunt                    Necr/Summ      3%         N/A       100%        7
 Borgnjor's Revivificati  Necr           3%         N/A       100%        8
 Death's Door             Necr           3%         N/A       100%        9


Dungeon Overview and Level Annotations

Branches:
Dungeon (5/15)             Temple (1/1) D:5

Altars:
Dithmenos
Elyvilon
Fedhas
Gozag
Hepliaklqana
Kikubaaqudgha
Qazlal
Sif Muna
Trog
Wu Jian
Xom
Yredelemnul
Zin

Annotations:
D:5 2 transporters, jboons's ghost, novice DsMo


Innate Abilities, Weirdness & Mutations

You are immune to sickness and miasma.
Your stone body is resilient. (AC +5)
You are immune to poison.
You resist negative energy. (rN+)
You are resistant to electric shocks. (rElec)
You are resistant to unholy torment.
You are immune to petrification.


Message History

The jackal pauses to sniff the ground.
The jackal misses you.
The steam dragon bites you but does no damage.
The steam dragon misses you.
There are monsters nearby!
You closely miss the steam dragon.
The steam dragon is severely wounded.
The jackal is engulfed in a cloud of scalding steam.
The jackal completely misses you. The steam dragon bites you!
The steam dragon claws you but does no damage.
The jackal is engulfed in a cloud of scalding steam.
The jackal dies!
The steam dragon bites you.
The steam dragon claws you but does no damage.
The blast of sand hits the steam dragon but does no damage.
The steam dragon is severely wounded.
The jackal bites you but does no damage.
The steam dragon breathes steam at you. The ball of steam hits you!!
Ouch! That really hurt!
* * * LOW HITPOINT WARNING * * *
The jackal bites you but does no damage.
You're standing in a cloud of steam!
You are too injured to fight recklessly!
You are too injured to fight recklessly!
You're standing in a cloud of steam!
Unknown command.
The jackal is engulfed in a cloud of scalding steam.
The jackal dies!
The steam dragon breathes steam at you. The ball of steam misses you.
Casting: Sandblast (safe; 1% risk of failure)
Confirm with . or Enter, or press ? or * to list all spells.
Aiming: Stone Arrow (safe; 1% risk of failure)
Press: ? - help, Shift-Dir - straight line, f/p - steam dragon
Aim: a steam dragon (severely wounded, catching its breath, 76% to hit)
The stone arrow hits the steam dragon!
You kill the steam dragon!
You are engulfed in a cloud of scalding steam.
You die...

<#.# .#.# ##.# ...#
#############
...........^# .
........###.# ##...
#.#####.###.#########.....
#.# #(...♣..§§@§†hS.....
#.# ###._..######o......
#.### #.#♣..## #.######
#'### #.#.#.# ##.# .#
⌠.⌠####...#.# #..#######.#
.>.+......#.# #........#.#
⌠.⌠######b#.#
###.######.#.# ##### #.#.#
#...# #.#.# #.### #.#.#
#.#.# #.#.#


You could see an orc and a jackal.

Vanquished Creatures
  Prince Ribbit (D:5)
  A steam dragon (D:5)
  Eustachio (D:4)
  Menkaure (D:4)
  Edmund (D:4)
  An ice beast (D:4)
  A sky beast (D:4)
  2 black bears
  A jelly (D:4)
  3 bombardier beetles
  Crazy Yiuf (D:3)
  4 hounds
  2 iguanas
  An orc wizard (D:5)
  3 gnolls (D:3)
  5 adders
  A ribbon worm (D:2)
  8 orcs
  2 ball pythons
  7 bats
  9 endoplasms
  3 giant cockroaches
  6 goblins
  7 jackals
  7 quokkas
  5 frilled lizards
  5 kobolds
  6 rats
  A butterfly (D:5)
96 creatures vanquished.

Vanquished Creatures (others)
  2 jackals (D:5)
2 creatures vanquished.

Grand Total: 98 creatures vanquished

Notes
Turn   | Place    | Note
-------+----------+-------------------------------------------
     0 | D:1      | CougarLife the Gargoyle Earth Elementalist began the quest
                  | for the Orb.
     0 | D:1      | Reached XP level 1. HP: 10/10 MP: 3/3
   199 | D:1      | Reached XP level 2. HP: 15/15 MP: 0/5
   306 | D:1      | Found a faded altar of an unknown god.
   677 | D:1      | Reached skill level 4 in Earth Magic
  1049 | D:2      | Reached XP level 3. HP: 13/19 MP: 0/6
  1447 | D:2      | Found an ancient bone altar of Kikubaaqudgha.
  1817 | D:2      | Learned a level 3 spell: Stone Arrow
  1940 | D:3      | Reached XP level 4. HP: 18/24 MP: 3/8
  2275 | D:3      | Reached XP level 5. HP: 28/28 MP: 3/9
  2383 | D:3      | Reached skill level 5 in Earth Magic
  2571 | D:3      | Found a basalt altar of Yredelemnul.
  2774 | D:3      | Found a runed translucent door.
  2775 | D:3      | Noticed Crazy Yiuf
  2932 | D:3      | Found a white marble altar of Elyvilon.
  3025 | D:3      | Killed Crazy Yiuf
  3036 | D:3      | Identified the +9 hammer of Haehikk {heavy, rC+ Str+6 SInv
                  | Stlth+}
  3245 | D:4      | Noticed an ice beast
  3246 | D:4      | Noticed Menkaure
  3256 | D:4      | Reached XP level 6. HP: 32/32 MP: 7/11
  3261 | D:4      | Killed an ice beast
  3264 | D:4      | Killed Menkaure
  3265 | D:4      | Reached skill level 6 in Earth Magic
  3265 | D:4      | Reached XP level 7. HP: 17/36 MP: 9/13
  3339 | D:4      | Identified the +0 robe "Zeqom" {Dex+3}
  3617 | D:4      | Noticed Edmund
  3632 | D:4      | Killed Edmund
  3642 | D:4      | Reached skill level 5 in Conjurations
  3878 | D:4      | Found a stormy altar of Qazlal.
  3944 | D:4      | Reached skill level 5 in Spellcasting
  3944 | D:4      | Reached skill level 7 in Earth Magic
  3944 | D:4      | Reached XP level 8. HP: 41/41 MP: 12/15
  4129 | D:4      | Noticed Eustachio
  4142 | D:4      | Killed Eustachio
  4266 | D:5      | Entered Level 5 of the Dungeon
  4328 | D:5      | Found a staircase to the Ecumenical Temple.
  4515 | D:5      | Found a transporter.
  4526 | D:5      | Noticed Prince Ribbit
  4530 | D:5      | Killed Prince Ribbit
  4574 | D:5      | Found a transporter.
  4577 | D:5      | Noticed jboons's ghost (novice DsMo)
  4586 | D:5      | Reached skill level 8 in Earth Magic
  4777 | D:5      | Found a shimmering altar of Xom.
  4813 | Temple   | Entered the Ecumenical Temple
  5006 | D:5      | HP: 2/41 [steam dragon/ball of steam (28)]
  5009 | D:5      | Engulfed by a cloud of steam

Illustrated notes

Levels and vault maps discovered:
D:1:      dpeg_arrival_central, layout_loops_ring,
          shapermc_ecumenical_altar_starsandcircs
D:2:      layout_basic, basic_altar, minmay_misc_feat_five, minmay_pentomino_v2
D:3:      layout_basic, mainiacjoe_overflow_alcove_4,
          mainiacjoe_overflow_brackets, kennysheep_generic_room_9,
          uniq_crazy_yiuf_cottage
D:4:      layout_basic, nicolae_qazlal_beasts_of_the_sky, uniq_menkaure,
          uniq_eustachio, uniq_edmund
D:5:      layout_basic, xom_butterflies, temple_doors_e,
          gammafunk_ghost_mausoleum, uniq_prince_ribbit1
Temple:   hellmonk_temple_rainy

Skill      XL: |  1  2  3  4  5  6  7  8 |
---------------+-------------------------+-----
Earth Magic    | 4 5 6 7 8 |  8.0
Conjurations   | 2 3 4 5 6 |  6.5
Spellcasting   | 3 4 5 |  5.8
Dodging        | |  1.5
Stealth        | |  2.1

Action                     |  1- 3 |  4- 6 |  7- 9 || total
---------------------------+-------+-------+-------++-------
  Melee: Unarmed           |    22 |       |       ||    22
         Punch             |     1 |       |       ||     1
         Dagger            |       |     7 |       ||     7
         Mace              |       |     6 |    24 ||    30
   Cast: Sandblast         |    51 |    38 |    40 ||   129
         Stone Arrow       |       |     3 |     7 ||    10
    Use: Potion            |       |     1 |       ||     1
   Stab: Sleeping          |       |       |     1 ||     1
 Armour: Robe              |    27 |    21 |    39 ||    87
  Dodge: Dodged            |    31 |    19 |    48 ||    98

Table legend: (Time is in decaauts)
 A = Elapsed time spent in this place.
 B = Non-inter-level travel time spent in this place.
 C = Inter-level travel time spent in this place.
 D = Time resting spent in this place.
 E = Time spent auto-exploring this place.
 F = Levels seen in this place.
 G = Mean time per level.
                   A        B        C        D        E       F      G
               +--------+--------+--------+--------+--------+-----+--------+
         Total |   5105 |   4963 |    142 |    378 |   3880 |   6 |  850.8 |
       Dungeon |   5093 |   4951 |    142 |    378 |   3880 |   5 | 1018.6 |
        Temple |     11 |     11 |      0 |      0 |      0 |   1 |   11.0 |
               +--------+--------+--------+--------+--------+-----+--------+

Top non-repeatable levels by time:
     D:3: 1302 daAuts
     D:4: 1192 daAuts
     D:1: 995 daAuts
     D:2: 852 daAuts
     D:5: 751 daAuts
  Temple: 11 daAuts
